 Dungeon Crawl Stone Soup version 0.17.0-26-gececa24 (webtiles) character file.

1583 Helmschank the Grappler (level 8, -6/66 HPs)
             Began as a Ghoul Gladiator on Nov 19, 2015.
             Was a Follower of Ru.
             Mangled by a shadow (24 damage)
             ... on level 6 of the Dungeon.
             The game lasted 00:39:44 (5304 turns).

Helmschank the Grappler (Ghoul Gladiator)           Turns: 5304, Time: 00:39:44

Health: -6/66      AC: 11    Str: 19    XL:     8   Next: 92%
Magic:  6/6        EV: 10    Int: 10    God:    Ru [*.....]
Gold:   254        SH:  9    Dex:  9    Spells: 0 memorised, 7 levels left

rFire  . . .     SeeInvis .       - Unarmed
rCold  + . .     Clarity  .     v - +2 robe {MR+}
rNeg   + + +     SustAt   .     q - +0 shield
rPois  ∞         Gourm    .     o - +0 helmet
rElec  .         Spirit   .     w - +1 cloak
rCorr  .         Warding  .     (no gloves)
rMut   .         Stasis   .     (no boots)
MR     +....                    (no amulet)
Stlth  ++........               A - +4 ring of protection
                                a - +5 ring of intelligence

@: rotting, somewhat resistant to hostile enchantments, unstealthy
A: rotting body, claws 1, carnivore 3, cold resistance 1, low mp 1, negative
energy resistance 3, slow regeneration 1, torment resistance, unbreathing, no
necromancy magic, no poison magic, no translocations magic
a: Renounce Religion


You were on level 6 of the Dungeon.
You worshipped Ru.
Ru was aware of your devotion.
You were not hungry.

You visited 2 branches of the dungeon, and saw 8 of its levels.

You collected 254 gold pieces.

Inventory:

Hand Weapons
 b - a +6 club
 F - a +2 falchion of slicing
 G - the +7 falchion of Midsummer {pain, rPois}
   (You found it on level 6 of the Dungeon)

   In the hands of one skilled in necromantic magic, it inflicts extra damage on
   living creatures.
   It protects you from poison.
Missiles
 c - 2 tomahawks
 f - 4 javelins (quivered)
 k - 134 stones
 x - 23 poisoned needles
 Z - 3 throwing nets
Armour
 o - a +0 helmet (worn)
 q - a +0 shield (worn)
 v - a +2 robe of magic resistance (worn)
 w - a +1 cloak (worn)
Jewellery
 a - a +5 ring of intelligence (left claw)
 A - a +4 ring of protection (right claw)
Wands
 l - a wand of fireball (9)
 m - a wand of frost (21)
 r - a wand of polymorph (8)
 y - a wand of fire (12)
 C - a wand of enslavement (5)
 D - a wand of draining (4)
Scrolls
 g - a scroll of remove curse
 h - 5 scrolls of identify
 i - 2 scrolls of amnesia
 n - a scroll of magic mapping {unknown}
Potions
 e - 2 potions of haste {unknown}
 j - 4 potions of agility {unknown}
 p - 3 potions of heal wounds
 t - 2 potions of berserk rage
 u - a potion of curing {unknown}
 z - a potion of lignification {unknown}
 B - a potion of magic {unknown}
Comestibles
 d - 2 meat rations
 s - 2 beef jerkies
 E - 2 chunks of flesh


   Skills:
 + Level 4.0 Fighting
 - Level 1.7 Throwing
 - Level 3.3 Dodging
 - Level 3.7 Stealth
 + Level 3.6 Shields
 * Level 10.0 Unarmed Combat


You had 7 spell levels left.
You didn't know any spells.

Dungeon Overview and Level Annotations

Branches:
Dungeon (7/15)             Temple (1/1) D:6

Altars:
Ashenzari
Cheibriados
Elyvilon
Gozag
Kikubaaqudgha
Makhleb
Nemelex Xobeh
Okawaru
Qazlal
Ru
Sif Muna
Trog
Vehumet
Xom
Yredelemnul
Zin
The Shining One

Shops:
D:5 *


Innate Abilities, Weirdness & Mutations

Your body is rotting away.
You thrive on raw meat.
You are immune to poison.
You have sharp fingernails.
You are carnivorous and can eat meat at any time.
Your flesh is cold resistant.
Your magical capacity is low (-10% MP).
You are immune to negative energy.
You regenerate slowly when monsters are visible.
You are immune to unholy pain and torment.
You can survive without breathing.
You cannot study or cast Necromancy magic.
You cannot study or cast Poison magic.
You cannot study or cast Translocations magic.


Message History

Deactivating autopickup; reactivate with Ctrl-A.
You block the orc's attack.
You redirect something's attack! x2
The shadow strikes at you from the darkness!
* * * LOW HITPOINT WARNING * * *
Reactivating autopickup.
You see here a club.
The shadow slips into darkness.
The shadow flickers and vanishes!
Deactivating autopickup; reactivate with Ctrl-A.
The shadow strikes at you from the darkness!
* * * LOW HITPOINT WARNING * * *
Reactivating autopickup.
You closely miss the shadow.
The shadow slips into darkness.
The shadow flickers and vanishes!
Deactivating autopickup; reactivate with Ctrl-A.
You closely miss something.
The shadow strikes at you from the darkness!
You die...

#..........................
#####......)......<........
###..#...>......###.#....
#.......).......##.......
###.####..........>..#.....
#...## ##........#...#.....
#....## ##.....#...........
####..######.##............
##.....@{o[....<.>......
##########.............
#.............
##.)..........
####...###..### ####....###
##.### ####......## #...#
####...?..#### ###[.
##.....##### #..


You could see an orc.

Vanquished Creatures
  Eustachio (D:5)
  Edmund (D:6)
  2 ogres (D:6)
  3 centaurs
  A giant frog (D:6)
  A scorpion (D:5)
  3 crimson imps
  A centaur zombie (D:5)
  A giant frog zombie (D:6)
  3 orc wizards
  4 orc priests
  Jessica (D:2)
  3 worker ants
  2 iguanas (D:4)
  A worker ant zombie (D:5)
  Robin (D:2)
  9 adders
  3 gnolls
  3 shadow imps
  An ooze (D:2)
  2 adder skeletons (D:4)
  3 worms
  4 giant geckos
  9 orcs
  6 bats
  6 giant cockroaches
  18 goblins
  11 hobgoblins
  16 jackals
  9 kobolds
  3 quokkas
  2 giant newts
  A quokka skeleton (D:5)
  4 rats
139 creatures vanquished.

Notes
Turn   | Place    | Note
--------------------------------------------------------------
     0 | D:1      | Helmschank the Ghoul Gladiator began the quest for the Orb.
     0 | D:1      | Reached XP level 1. HP: 17/17 MP: 0/0
   147 | D:1      | Reached XP level 2. HP: 22/24 MP: 1/1
   181 | D:1      | Reached skill level 4 in Unarmed Combat
   399 | D:1      | Reached XP level 3. HP: 28/28 MP: 2/2
   804 | D:2      | Found a sacrificial altar of Ru.
   835 | D:2      | Reached skill level 5 in Unarmed Combat
   860 | D:2      | Noticed Robin
   890 | D:1      | Reached XP level 4. HP: 17/36 MP: 3/3
   929 | D:2      | Killed Robin
  1180 | D:2      | Noticed Jessica
  1195 | D:2      | Killed Jessica
  1195 | D:2      | Reached skill level 6 in Unarmed Combat
  1195 | D:2      | Reached XP level 5. HP: 34/41 MP: 4/4
  1510 | D:2      | Became a worshipper of Ru the Awakened
  1983 | D:3      | Found a glowing golden altar of the Shining One.
  2583 | D:4      | Reached skill level 1 in Stealth
  2583 | D:4      | Reached XP level 6. HP: 36/47 MP: 5/5
  2599 | D:4      | Found a shattered altar of Ashenzari.
  2768 | D:4      | Reached skill level 7 in Unarmed Combat
  2883 | D:4      | Gained mutation: Your magical capacity is low (-10% MP). [Ru sacrifice]
  3571 | D:4      | Found a sparkling altar of Nemelex Xobeh.
  3634 | D:5      | Entered Level 5 of the Dungeon
  3785 | D:5      | Reached XP level 7. HP: 24/56 MP: 5/5
  3835 | D:5      | Reached skill level 1 in Shields
  3856 | D:5      | Found Gozag's Platinum Reserve.
  3862 | D:5      | Found an opulent altar of Gozag.
  4026 | D:5      | Reached skill level 8 in Unarmed Combat
  4174 | D:5      | Noticed Eustachio
  4252 | D:5      | Killed Eustachio
  4252 | D:5      | Reached XP level 8. HP: 26/62 MP: 6/6
  4579 | D:6      | Noticed Edmund
  4613 | D:6      | Killed Edmund
  4684 | D:6      | Reached skill level 9 in Unarmed Combat
  4819 | D:6      | Found a staircase to the Ecumenical Temple.
  4856 | Temple   | Entered the Ecumenical Temple
  5089 | D:6      | Got a crude falchion
  5090 | D:6      | Identified the +7 falchion of Midsummer {pain, rPois} (You found it on level 6 of the Dungeon)
  5163 | D:6      | Gained mutation: You cannot study or cast Poison magic. [Ru sacrifice]
  5163 | D:6      | Gained mutation: You cannot study or cast Necromancy magic. [Ru sacrifice]
  5163 | D:6      | Gained mutation: You cannot study or cast Translocations magic. [Ru sacrifice]
  5163 | D:6      | Reached * piety under Ru
  5282 | D:6      | Reached skill level 10 in Unarmed Combat
  5304 | D:6      | Mangled by a shadow

Action                   |  1- 3 |  4- 6 |  7- 9 || total
-------------------------+-------+-------+-------++-------
Melee: Unarmed           |   105 |   223 |   202 ||   530
Throw: Javelin           |       |    22 |    11 ||    33
       Throwing net      |       |     2 |       ||     2
       Tomahawk          |       |       |     1 ||     1
Invok: Sacrifice Essence |       |     1 |       ||     1
       Sacrifice Arcana  |       |       |     1 ||     1
Evoke: Wand              |       |       |     4 ||     4
  Use: Scroll            |       |     8 |     1 ||     9
 Stab: Sleeping          |       |     1 |     1 ||     2
  Eat: Chunk             |    11 |    33 |    35 ||    79
       Beef jerky        |       |     1 |       ||     1
